MLB
HOUSTON ASTROS @ TEXAS RANGERS
07/07/2045
 
TOP OF THE 1ST
Houston Astros batting - Pitching for Texas Rangers : RHP Pimbly Nimblebottom
Pitching: RHP Pimbly Nimblebottom
Batting: RHB Matt Thompson 0-0: SOLO HOME RUN (Flyball, 7LD, EV 96.9 MPH), Distance : 358 ft
Batting: RHB Chang-wei Jiang 0-0: Ground out 6-3 (Groundball, 6, EV 90.6 MPH)
Batting: LHB Bryce Hill 0-0: Ball
1-0: Swinging Strike
1-1: Called Strike
1-2: Strikes out looking
Batting: SHB Joe Gardner 0-0: Ball
1-0: Fly out, F9 (Flyball, 9S, EV 89.4 MPH)
Top of the 1st over - 1 run, 1 hit, 0 errors, 0 left on base; Houston 1 - Texas 0
BOTTOM OF THE 1ST
Texas Rangers batting - Pitching for Houston Astros : LHP Brian Thomas
Pitching: LHP Brian Thomas
Batting: RHB Casey Semenza 0-0: Ball
1-0: Ball
2-0: SINGLE (Flyball, 8RS, EV 90.0 MPH)
Batting: RHB David Casas 0-0: Ball
Wild Pitch!
Casey Semenza to second
1-0: Ground out 6-3 (Groundball, 6, EV 78.1 MPH)
Casey Semenza to third
Batting: SHB John Giesbrecht 0-0: Ball
1-0: Fly out, F9 (Flyball, 9, EV 80.0 MPH)
Batting: SHB Vince Ealy 0-0: Called Strike
0-1: Foul Ball, location: 2F
0-2: Strikes out looking
Bottom of the 1st over - 0 runs, 1 hit, 0 errors, 1 left on base; Houston 1 - Texas 0
TOP OF THE 2ND
Houston Astros batting - Pitching for Texas Rangers : RHP Pimbly Nimblebottom
Batting: RHB Trevor Mock 0-0: Ground out 6-3 (Groundball, 6, EV 89.4 MPH)
Batting: LHB Zack Berney 0-0: Foul Ball, location: 2F
0-1: Foul Ball, location: 2F
0-2: Strikes out swinging
Batting: RHB Jeremy Trump 0-0: Ball
1-0: Ball
2-0: Swinging Strike
2-1: Swinging Strike
2-2: Strikes out swinging
Top of the 2nd over - 0 runs, 0 hits, 0 errors, 0 left on base; Houston 1 - Texas 0
BOTTOM OF THE 2ND
Texas Rangers batting - Pitching for Houston Astros : LHP Brian Thomas
Batting: RHB Marty King 0-0: Ball
1-0: Ground out 3-1 (Groundball, 34S, EV 66.2 MPH)
Batting: SHB Jun Tsuda 0-0: Ball
1-0: Foul Ball, location: 2F
1-1: Foul Ball, location: 2F
1-2: Foul Ball, location: 2F
1-2: Ground out 6-3 (Groundball, 6, EV 110.6 MPH)
Batting: RHB Zhao-ji Chi 0-0: Called Strike
0-1: Ball
1-1: Foul Ball, location: 2F
1-2: Ground out 6-3 (Groundball, 6M, EV 110.0 MPH)
Bottom of the 2nd over - 0 runs, 0 hits, 0 errors, 0 left on base; Houston 1 - Texas 0
TOP OF THE 3RD
Houston Astros batting - Pitching for Texas Rangers : RHP Pimbly Nimblebottom
Batting: RHB Antonio Aranda 0-0: SINGLE (Line Drive, 56, EV 94.4 MPH)
Batting: LHB Ian Jarvis 0-0: Called Strike
0-1: Called Strike
0-2: Ball
1-2: Foul Ball, location: 2F
1-2: Strikes out swinging
Batting: RHB Matt Thompson 0-0: Called Strike
0-1: Ball
1-1: Ball
2-1: Ball
3-1: Called Strike
3-2: Ground out U3 (Groundball, 34, EV 92.5 MPH)
Antonio Aranda to second
Batting: RHB Chang-wei Jiang 0-0: Ball
1-0: Swinging Strike
1-1: Foul Ball, location: 2F
1-2: SINGLE (Flyball, 6D, EV 85.0 MPH)
Antonio Aranda to third
Runner from 3rd tries for Home, SAFE, throw by CF to home
Batting: LHB Bryce Hill 0-0: Ball
1-0: Called Strike
1-1: Ball
2-1: Ball
3-1: Called Strike
3-2: Strikes out swinging
Top of the 3rd over - 1 run, 2 hits, 0 errors, 1 left on base; Houston 2 - Texas 0
BOTTOM OF THE 3RD
Texas Rangers batting - Pitching for Houston Astros : LHP Brian Thomas
Batting: LHB Andy Bowman 0-0: Ball
1-0: Called Strike
1-1: Foul Ball, location: 2F
1-2: Ball
2-2: Foul Ball, location: 2F
2-2: Fly out, F8 (Flyball, 8LM, EV 82.5 MPH)
Batting: RHB Cody Flowers 0-0: Swinging Strike
0-1: Foul Ball, location: 2F
0-2: Foul Ball, location: 2F
0-2: Ball
1-2: Ball
2-2: SINGLE (Groundball, P, EV 95.0 MPH)
Batting: RHB Casey Semenza 0-0: Ball
Cody Flowers steals 2nd base
1-0: Ball
2-0: Ground out 5-3 (Groundball, 5, EV 103.1 MPH)
Batting: RHB David Casas 0-0: Ball
1-0: Foul Ball, location: 2F
1-1: Foul Ball, location: 2F
1-2: Strikes out swinging
Bottom of the 3rd over - 0 runs, 1 hit, 0 errors, 1 left on base; Houston 2 - Texas 0
TOP OF THE 4TH
Houston Astros batting - Pitching for Texas Rangers : RHP Pimbly Nimblebottom
Batting: SHB Joe Gardner 0-0: Ball
1-0: Ball
2-0: Foul Ball, location: 2F
2-1: Foul Ball, location: 2F
2-2: Ball
3-2: Foul Ball, location: 2F
3-2: Foul Ball, location: 2F
3-2: Strikes out swinging
Batting: RHB Trevor Mock 0-0: Ball
1-0: Called Strike
1-1: Foul Ball, location: 2F
1-2: Foul Ball, location: 2F
1-2: Foul Ball, location: 2F
1-2: Ball
2-2: Ball
3-2: Strikes out swinging
Batting: LHB Zack Berney 0-0: Foul Ball, location: 2F
0-1: Ground out 5-3 (Groundball, 56S, EV 85.6 MPH)
Top of the 4th over - 0 runs, 0 hits, 0 errors, 0 left on base; Houston 2 - Texas 0
BOTTOM OF THE 4TH
Texas Rangers batting - Pitching for Houston Astros : LHP Brian Thomas
Batting: SHB John Giesbrecht 0-0: Fly out, F5 (Flyball, 5D, EV 92.5 MPH)
Batting: SHB Vince Ealy 0-0: Called Strike
0-1: Ball
1-1: SINGLE (Line Drive, 89S, EV 91.9 MPH)
Batting: RHB Marty King 0-0: Called Strike
0-1: Fly out, F8 (Flyball, 8RM, EV 76.9 MPH)
Batting: SHB Jun Tsuda 0-0: Ball
1-0: SINGLE (Line Drive, 6D, EV 95.0 MPH)
Vince Ealy to second
Batting: RHB Zhao-ji Chi 0-0: Fly out, F8 (Flyball, 89D, EV 105.6 MPH)
Bottom of the 4th over - 0 runs, 2 hits, 0 errors, 2 left on base; Houston 2 - Texas 0
TOP OF THE 5TH
Houston Astros batting - Pitching for Texas Rangers : RHP Pimbly Nimblebottom
Batting: RHB Jeremy Trump 0-0: Ground out U3 (Groundball, 3L, EV 88.8 MPH)
Batting: RHB Antonio Aranda 0-0: Foul Ball, location: 2F
0-1: Ball
1-1: Called Strike
1-2: Ball
2-2: Strikes out swinging
Batting: LHB Ian Jarvis 0-0: Ball
1-0: Swinging Strike
1-1: Foul Ball, location: 2F
1-2: Ball
2-2: Foul Ball, location: 2F
2-2: Ball
3-2: Strikes out looking
Top of the 5th over - 0 runs, 0 hits, 0 errors, 0 left on base; Houston 2 - Texas 0
BOTTOM OF THE 5TH
Texas Rangers batting - Pitching for Houston Astros : LHP Brian Thomas
Batting: LHB Andy Bowman 0-0: Called Strike
0-1: Ball
1-1: Ball
2-1: Ball
3-1: Foul Ball, location: 2F
3-2: Fly out, F8 (Flyball, 78D, EV 97.5 MPH)
Batting: RHB Cody Flowers 0-0: Called Strike
0-1: Fly out, F7 (Line Drive, 7, EV 88.1 MPH)
Batting: RHB Casey Semenza 0-0: Ball
1-0: Foul Ball, location: 2F
1-1: Foul Ball, location: 2F
1-2: Ball
2-2: Foul Ball, location: 2F
2-2: SINGLE (Groundball, 6MD, EV 100.0 MPH)
Batting: RHB David Casas 0-0: Ball
1-0: Called Strike
Casey Semenza steals 2nd base
1-1: Fly out, F9 (Flyball, 9LM, EV 91.9 MPH)
Bottom of the 5th over - 0 runs, 1 hit, 0 errors, 1 left on base; Houston 2 - Texas 0
TOP OF THE 6TH
Houston Astros batting - Pitching for Texas Rangers : RHP Pimbly Nimblebottom
Batting: RHB Matt Thompson 0-0: Called Strike
0-1: Ball
1-1: Ball
2-1: Foul Ball, location: 2F
2-2: Ground out 3-1 (Groundball, 34, EV 102.5 MPH)
Batting: RHB Chang-wei Jiang 0-0: Ball
1-0: Ball
2-0: Called Strike
2-1: Ball
3-1: Foul Ball, location: 2F
3-2: Base on Balls
Batting: LHB Bryce Hill 0-0: Ball
Chang-wei Jiang steals 2nd base
1-0: Called Strike
1-1: Ball
2-1: Swinging Strike
2-2: Strikes out swinging
Batting: SHB Joe Gardner 0-0: Called Strike
0-1: Ground out 6-3 (Groundball, 6M, EV 86.2 MPH)
Top of the 6th over - 0 runs, 0 hits, 0 errors, 1 left on base; Houston 2 - Texas 0
BOTTOM OF THE 6TH
Texas Rangers batting - Pitching for Houston Astros : LHP Brian Thomas
Batting: SHB John Giesbrecht 0-0: Ball
1-0: Called Strike
1-1: Called Strike
1-2: Foul Ball, location: 2F
1-2: Foul Ball, location: 2F
1-2: Ball
2-2: Strikes out swinging
Batting: SHB Vince Ealy 0-0: Foul Ball, location: 2F
0-1: Called Strike
0-2: Strikes out swinging
Batting: RHB Marty King 0-0: Fly out, F5 (Popup, 56S, EV 83.8 MPH)
Bottom of the 6th over - 0 runs, 0 hits, 0 errors, 0 left on base; Houston 2 - Texas 0
TOP OF THE 7TH
Houston Astros batting - Pitching for Texas Rangers : RHP Pimbly Nimblebottom
Batting: RHB Trevor Mock 0-0: Ball
1-0: Ball
2-0: Called Strike
2-1: Ground out 6-3 (Groundball, 6S, EV 70.0 MPH)
Batting: LHB Zack Berney 0-0: Ball
1-0: Called Strike
1-1: Ball
2-1: Swinging Strike
2-2: Foul Ball, location: 2F
2-2: Ball
3-2: Base on Balls
Batting: RHB Jeremy Trump 0-0: Called Strike
Zack Berney is caught stealing 2nd base 2-4
0-1: SINGLE (Flyball, 78S, EV 89.4 MPH)
Batting: RHB Antonio Aranda 0-0: Ball
1-0: Ball
2-0: SINGLE (Flyball, 3D, EV 96.2 MPH)
Jeremy Trump to second
Runner from 2nd tries for 3rd, SAFE, no throw by RF
Batting: LHB Ian Jarvis 0-0: Foul Ball, location: 2F
0-1: Ball
1-1: Ball
2-1: Foul Ball, location: 2F
2-2: Fly out, F5 (Popup, 56, EV 67.5 MPH)
Top of the 7th over - 0 runs, 2 hits, 0 errors, 2 left on base; Houston 2 - Texas 0
BOTTOM OF THE 7TH
Texas Rangers batting - Pitching for Houston Astros : LHP Brian Thomas
Batting: SHB Jun Tsuda 0-0: Ball
1-0: Ball
2-0: Ball
3-0: Base on Balls
Batting: RHB Zhao-ji Chi 0-0: Ball
1-0: Called Strike
1-1: Called Strike
1-2: Fly out, F9 (Flyball, 9, EV 91.2 MPH)
Batting: LHB Andy Bowman 0-0: Ball
1-0: Fly out, F7 (Flyball, 7LD, EV 93.1 MPH)
Batting: RHB Cody Flowers 0-0: Ball
Jun Tsuda is caught stealing 2nd base 2-4
Bottom of the 7th over - 0 runs, 0 hits, 0 errors, 0 left on base; Houston 2 - Texas 0
TOP OF THE 8TH
Houston Astros batting - Pitching for Texas Rangers : RHP Pimbly Nimblebottom
Batting: RHB Matt Thompson 0-0: Ball
1-0: SOLO HOME RUN (Flyball, 7D, EV 103.1 MPH), Distance : 407 ft
Pitching: RHP Hector Aguado
Batting: RHB Chang-wei Jiang 0-0: Foul Ball, location: 2F
0-1: Ground out 6-3 (Groundball, 6, EV 106.2 MPH)
Batting: LHB Bryce Hill 0-0: Called Strike
0-1: Swinging Strike
0-2: Ball
1-2: Strikes out swinging
Batting: SHB Joe Gardner 0-0: Called Strike
0-1: Swinging Strike
0-2: Strikes out swinging
Top of the 8th over - 1 run, 1 hit, 0 errors, 0 left on base; Houston 3 - Texas 0
BOTTOM OF THE 8TH
Texas Rangers batting - Pitching for Houston Astros : LHP Brian Thomas
Batting: RHB Cody Flowers 0-0: Called Strike
0-1: SINGLE (Line Drive, 89S, EV 86.9 MPH)
Batting: RHB Casey Semenza 0-0: Ball
1-0: Foul Ball, location: 2F
1-1: Foul Ball, location: 2F
1-2: SINGLE (Line Drive, 7S, EV 99.4 MPH)
Cody Flowers to second
Batting: RHB David Casas 0-0: Called Strike
0-1: Called Strike
0-2: Foul Ball, location: 2F
0-2: SINGLE (Groundball, 6MD, EV 96.2 MPH)
Cody Flowers to third
Casey Semenza to second
Batting: SHB John Giesbrecht 0-0: Foul Ball, location: 2F
0-1: SINGLE (Groundball, 6, EV 95.0 MPH)
Cody Flowers scores
Casey Semenza to third
David Casas to second
Pitching: RHP Seth Bowersox
Batting: SHB Vince Ealy 0-0: Ball
1-0: Ball
2-0: Called Strike
2-1: Grounds into fielders choice 6-2 (Groundball, 56, EV 80.6 MPH)
David Casas to third
John Giesbrecht to second
Pinch Hitting: LHB Tommy Luce 0-0: Ball
1-0: Ball
2-0: Called Strike
2-1: Called Strike
2-2: Strikes out swinging
Batting: SHB Jun Tsuda 0-0: Foul Ball, location: 2F
0-1: Hit by Pitch
David Casas scores
John Giesbrecht to third
Vince Ealy to second
Pinch Hitting: LHB Juan Concepcion 0-0: Ball
1-0: Swinging Strike
1-1: Ball
2-1: Ground out 4-3 (Groundball, 4, EV 88.8 MPH)
Bottom of the 8th over - 2 runs, 4 hits, 0 errors, 3 left on base; Houston 3 - Texas 2
TOP OF THE 9TH
Houston Astros batting - Pitching for Texas Rangers : RHP Hector Aguado
Pitching: RHP Brad Kramer
Now at 1B: Johan de Vries
Now in RF: Juan Concepcion
Batting: RHB Trevor Mock 0-0: Ball
1-0: Swinging Strike
1-1: Foul Ball, location: 2F
1-2: Foul Ball, location: 2F
1-2: Foul Ball, location: 2F
1-2: Ball
2-2: Ball
3-2: Strikes out swinging
Batting: LHB Zack Berney 0-0: Foul Ball, location: 2F
0-1: Ball
1-1: Foul Ball, location: 2F
1-2: Strikes out swinging
Batting: RHB Jeremy Trump 0-0: Ball
1-0: Ball
2-0: Ground out 4-3 (Groundball, 4, EV 96.9 MPH)
Top of the 9th over - 0 runs, 0 hits, 0 errors, 0 left on base; Houston 3 - Texas 2
BOTTOM OF THE 9TH
Texas Rangers batting - Pitching for Houston Astros : RHP Seth Bowersox
Pitching: RHP Kyle McPeak
Batting: LHB Andy Bowman 0-0: Ball
1-0: Fly out, F2 (Popup, 25F, EV 76.9 MPH)
Batting: RHB Cody Flowers 0-0: Swinging Strike
0-1: Ball
1-1: SINGLE (Groundball, 34D, EV 103.8 MPH)
Batting: RHB Casey Semenza 0-0: Swinging Strike
0-1: Ball
1-1: Foul Ball, location: 2F
1-2: Foul Ball, location: 2F
1-2: Foul Ball, location: 2F
1-2: Foul Ball, location: 2F
1-2: Ball
2-2: TRIPLE (Flyball, 78XD, EV 100.6 MPH)
Cody Flowers scores
Batting: RHB David Casas 0-0: Squeeze Bunt to P - play home, runner scores, batter safe!
Casey Semenza scores
Bottom of the 9th over - 2 runs, 2 hits, 0 errors, 0 left on base; Houston 3 - Texas 4
Game Over ... Texas defeats Houston, 4 to 3
Wednesday, June 22nd , 2022 - OOTP Baseball 23.4 Build 64